 Dungeon Crawl Stone Soup version 0.31-a0-656-gb4d89c20fa (webtiles) character file.

Game seed: 17004875837140070192

39 HoaS the Ducker (level 3, 0/17 HPs)
             Began as a Felid Berserker on Aug 31, 2023.
             Was a Believer of Trog.
             Slain by a kobold
             ... wielding a +0 dagger
              (2 damage)
             ... on level 4 of the Dungeon.
             The game lasted 00:03:27 (1375 turns).

HoaS the Ducker (Felid Berserker)                   Turns: 1375, Time: 00:03:27

Health: 0/17       AC:  1    Str: 19    XL:     3   Next: 28%
Magic:  4/4        EV: 16    Int:  8    God:    Trog [**....]
Gold:   73         SH:  0    Dex: 17    Spells: 2/2 levels left
                                        Lives:  0   Deaths: 1

rFire   + .          .
                       - Unarmed
rCold   . . .        (shield unavailable)
rNeg    . . .        (body armour unavailable)
rPois   .            (helmet unavailable)
rElec   .            (cloak unavailable)
rCorr   .            (gloves unavailable)
SInv    +            (boots unavailable)
Will    .....        (no amulet)
Stlth   ++           f - ring of protection from fire
HPRegen 0.22/turn    g - +6 ring of strength
MPRegen 0.09/turn

%: no passive effects
@: constricted, quick
A: very small, claws 1, fangs 3, see invisible, speed 1, shaggy fur 1, stealthy
paws, no weapons or thrown items, no armour, multi-lived
a: Renounce Religion, Berserk, Trog's Hand


You were on level 4 of the Dungeon.
You worshipped Trog.
Trog was pleased with you.
You visited 1 branch of the dungeon, and saw 3 of its levels.

You collected 73 gold pieces.

Inventory:

Jewellery
 d - a ring of ice
 f - a ring of protection from fire (left paw)
 g - a +6 ring of strength (right paw)
 h - a ring of poison resistance
Scrolls
 b - 2 scrolls of identify {unknown}
 c - a scroll of vulnerability {unknown}
 e - 2 scrolls of poison {unknown}
Potions
 a - a potion of invisibility {unknown}


   Skills:
 * Level 3.6 Fighting
 + Level 4.4 Dodging
 * Level 3.6 Unarmed Combat


You had 2 spell levels left.
You didn't know any spells.
Your spell library was empty.

Dungeon Overview and Level Annotations

Branches:
Dungeon (2/15)

Altars:


Innate Abilities, Weirdness & Mutations

You have sharp claws.
You have razor-sharp teeth.
You have supernaturally acute eyesight. (SInv)
You cover ground quickly. (Speed+)
You are covered in fur. (AC +1)
Your paws help you pounce on unaware monsters.
You are incapable of wielding weapons or throwing items.
You cannot wear armour.
You gain extra lives every three experience levels.


Message History

The kobold shouts!
Something shouts, "Despond, thou craven weeb-spouting Cock-Lorel!"
A ball python comes into view.
You hear a bark!
You hear a shout! x2
There are monsters nearby!
The ball python hisses angrily.
A hound comes into view.
A shadow imp comes into view.
A giant cockroach comes into view.
The hound bites you but does no damage.
The kobold throws a stone.
The stone closely misses you. The hound completely misses you.
The kobold throws a stone.
The stone hits you.
An orc comes into view. It is wielding a +0 hand axe.
The hound bites you. The hound closely misses you.
The ball python misses you. x2
An endoplasm comes into view.
The endoplasm quivers.
The hound bites you. The ball python bites you. The ball python grabs you.
The ball python constricts you.
An orc comes into view. It is wielding a +0 dagger.
The kobold throws a stone.
The stone hits you. The hound barely misses you. The ball python misses you.
The ball python constricts you. The hound completely misses you.
The ball python closely misses you. The ball python constricts you.
The hound barely misses you. The ball python completely misses you.
The ball python constricts you. The hound bites you. The hound bites you.
* * * LOW HITPOINT WARNING * * *
The kobold closely misses you. The ball python completely misses you.
The ball python constricts you. The hound misses you.
The ball python barely misses you. The ball python constricts you.
* * * LOW HITPOINT WARNING * * *
The kobold barely misses you. The hound barely misses you.
The ball python misses you. The ball python constricts you.
* * * LOW HITPOINT WARNING * * *
The hound closely misses you. The kobold closely misses you.
The ball python barely misses you. The ball python constricts you.
* * * LOW HITPOINT WARNING * * *
The hound barely misses you. The kobold hits you with a +0 dagger.
You die...

### #.+
#.#
######.#
.......# #
.....#
###.#
#..##....#
#..@....#
##hSK...#
#B#5....#
#J###....#
#.# #...#
..# ...#
#.# ...#
.# ....


You could see a hound, a shadow imp, an endoplasm, a giant cockroach, a ball
python and a kobold.

Vanquished Creatures
  3 dart slugs (D:1)
  6 endoplasms (D:1)
  A giant cockroach (D:1)
  A goblin (D:1)
  3 hobgoblins (D:1)
  2 quokkas (D:1)
  5 ball pythons (D:1)
  3 bats (D:1)
  2 frilled lizards (D:1)
  4 kobolds (D:1)
  3 rats (D:1)
33 creatures vanquished.

Notes
Turn   | Place    | Note
-------+----------+-------------------------------------------
     0 | D:1      | HoaS the Felid Berserker began the quest for the Orb.
     0 | D:1      | Reached XP level 1. HP: 10/10 MP: 2/2
   184 | D:1      | Reached XP level 2. HP: 14/14 MP: 3/3
   392 | D:1      | Reached ** piety under Trog
   501 | D:1      | Reached XP level 3. HP: 17/17 MP: 4/4
  1241 | D:2      | Slain by a hobgoblin
  1361 | D:2      | You fall into a shaft and drop 2 floors!
  1375 | D:4      | Slain by a kobold

Illustrated notes

Levels and vault maps discovered:
D:1:      dpeg_arrival_chambers_temple_mockup, layout_basic, minmay_tripent
D:2:      layout_basic, basic_altar, ebering_ecumenical_altar_hall
D:4:      layout_basic, mainiacjoe_overflow_six_doors_small, minmay_manual_mail

Action                     || total
---------------------------++-------
  Melee: Unarmed           ||    77
         Bite              ||     8
         Punch             ||     2
   Stab: Sleeping          ||     2
 Armour: Skin              ||     7
  Dodge: Dodged            ||   140

Table legend: (Time is in decaauts)
 A = Elapsed time spent in this place.
 B = Non-inter-level travel time spent in this place.
 C = Inter-level travel time spent in this place.
 D = Time resting spent in this place.
 E = Time spent auto-exploring this place.
 F = Levels seen in this place.
 G = Mean time per level.
                   A        B        C        D        E       F      G
               +--------+--------+--------+--------+--------+-----+--------+
         Total |   1152 |   1111 |     41 |     72 |    762 |   3 |  384.0 |
       Dungeon |   1152 |   1111 |     41 |     72 |    762 |   3 |  384.0 |
               +--------+--------+--------+--------+--------+-----+--------+

Top non-repeatable levels by time:
     D:1: 926 daAuts
     D:2: 212 daAuts
     D:4: 13 daAuts
